 Dungeon Crawl Stone Soup version 0.30.0-5-g1a98f26d00 (webtiles) character file.

Game seed: 13327956176951728125

23 patfeehan111222 the Trooper (level 2, -5/24 HPs)
             Began as a Demonspawn Berserker on May 8, 2023.
             Was a Follower of Trog.
             Slain by a worm (10 damage)
             ... on level 2 of the Dungeon.
             The game lasted 00:01:09 (1038 turns).

patfeehan111222 the Trooper (Demonspawn Berserker)  Turns: 1038, Time: 00:01:09

Health: -5/24      AC:  4    Str: 17    XL:     2   Next: 72%
Magic:  2/2        EV: 12    Int:  8    God:    Trog [*.....]
Gold:   26         SH:  0    Dex: 12    Spells: 1/1 levels left

rFire   . . .        a - +0 hand axe
rCold   . . .        (no shield)
rNeg    . . .        b - +0 animal skin
rPois   .            (no helmet)
rElec   .            (no cloak)
rCorr   .            (no gloves)
SInv    .            (no boots)
Will    .....        (no amulet)
Stlth   +            (no ring)
HPRegen 0.24/turn    (no ring)
MPRegen 0.08/turn

%: no passive effects
@: no status effects
A: thin metallic scales 1
a: Renounce Religion, Berserk


You were on level 2 of the Dungeon.
You worshipped Trog.
Trog was aware of your devotion.
You visited 1 branch of the dungeon, and saw 2 of its levels.

You collected 26 gold pieces.

Inventory:

Hand Weapons
 a - a +0 hand axe (weapon)
Armour
 b - a +0 animal skin (worn)
Scrolls
 c - a scroll of magic mapping {unknown}
 d - a scroll of enchant armour {unknown}
 e - a scroll of blinking {unknown}
 f - a scroll of amnesia {unknown}
 g - a scroll of identify {unknown}


   Skills:
 + Level 3.4 Fighting
 + Level 3.0 Axes
 + Level 2.0 Armour
 + Level 2.0 Dodging


You had one spell level left.
You didn't know any spells.
Your spell library was empty.

Dungeon Overview and Level Annotations

Branches:
Dungeon (2/15)

Altars:


Innate Abilities, Weirdness & Mutations

You are partially covered in thin metallic scales. (AC +2)


Message History

You kill the goblin!
Trog accepts your kill.
Things that are here:
a +0 club; a goblin corpse
Found 2 stones.
Found a +0 club.
The goblin shouts!
Found a scroll labelled FYURAU VYBB.
A worm comes into view.
The goblin barely misses you.
You hit the goblin.
You kill the goblin!
Trog accepts your kill.
You see here a +0 spear.
g - a scroll labelled FYURAU VYBB
There are no items here.
You hit the worm.
The worm is moderately wounded.
The worm bites you!
You barely miss the worm.
The worm is moderately wounded.
The worm bites you.
You slash the worm!
The worm is heavily wounded.
You hit the worm but do no damage.
The worm is heavily wounded.
The worm bites you.
You hit the worm.
The worm is almost dead.
The worm bites you.
* * * LOW HITPOINT WARNING * * *
You barely miss the worm.
The worm is severely wounded.
You barely miss the worm.
The worm is severely wounded.
The worm closely misses you.
You hit the worm.
The worm is almost dead.
The worm bites you!
You die...

#.####.#...###
##.####.......#
....###......#
##....#.##.##.#
#...#.........#
#.....#.##.#..####
##..#.###.#.)......
#....).........###.
#.@w#.###.###..#
#..##.# #(# #.....
#..##.# #.. ...###.
#..........#####
#.###.###..# #..
....#..# #.#
#.#.#..# #.. .. ###
.


You could see a worm.

Vanquished Creatures
  2 dart slugs (D:1)
  3 endoplasms (D:1)
  A giant cockroach (D:1)
  4 goblins
  3 hobgoblins (D:1)
  A kobold (D:1)
  A ball python (D:1)
  A frilled lizard (D:1)
16 creatures vanquished.

Notes
Turn   | Place    | Note
-------+----------+-------------------------------------------
     0 | D:1      | patfeehan111222 the Demonspawn Berserker began the quest
                  | for the Orb.
     0 | D:1      | Reached XP level 1. HP: 18/18 MP: 1/1
   295 | D:1      | Gained mutation: You are partially covered in thin metallic
                  | scales. (AC +2) [demonic ancestry]
   295 | D:1      | Reached XP level 2. HP: 18/24 MP: 2/2
  1038 | D:2      | Slain by a worm

Illustrated notes

Levels and vault maps discovered:
D:1:      amcnicky_arrival_abandoned_market, layout_loops_corners,
          hangedman_decor_opposing, minmay_distorted
D:2:      layout_loops_ring, serial_shops, nicolae_lakefront_shop, uniq_terence

Skill      XL: |  1  2 |
---------------+-------+-----
Axes           | 3 |  3.0
Armour         | 2 |  2.0
Dodging        | 2 |  2.0
Fighting       | |  3.4

Action                     || total
---------------------------++-------
  Melee: Hand axe          ||    54
 Armour: Animal skin       ||     9
  Dodge: Dodged            ||    20
